AoeStats
← dedekindcut

MegaRandom

504396803Analyzed
3v3 RM · 28d ago on Sep 5, 2026· 41m 52s· 6 players
Game mode
Random Map
Map size
Normal (6 player)
Population
200
Speed
Normal
Resources
Standard
Victory
Conquest
Starting age
Dark Age
Ending age
Imperial Age
RankedLock teamsTeams togetherTeam positionsShared explorationLock speedFull tech treeHidden civsTurbo modeCheats
Victory
Defeat
🇦🇷 Magyars · Argentina
816
+14
🇪🇨 Mongols · Ecuador
794
+15
🇦🇷 Vietnamese · Argentina
764
+16
🇺🇸 Franks · United States
772
-39
🇺🇸 Britons · United States
772
-39
🇺🇸 Vietnamese · United States
772
-39
dedekindcut
13:26 Feudal Age
20:47 Wheelbarrow
23:07 Double-Bit Axe
28:12 Loom
30:02 Stone Mining
30:02 Gold Mining
34:16 Castle Age
badcompankcode1
14:42 Feudal Age
17:03 Wheelbarrow
17:01 Stone Mining
17:00 Double-Bit Axe
16:38 Man-at-Arms
Nayum
10:45 Feudal Age
16:18 Double-Bit Axe
16:25 Gold Mining
19:54 Castle Age
18:21 Padded Archer Armor
21:29 Leather Archer Armor
21:04 Fletching
21:21 Scale Barding Armor
22:24 Bow Saw
22:51 Gold Shaft Mining
28:04 Wheelbarrow
29:21 Bodkin Arrow
29:47 Chain Barding Armor
32:08 Hand Cart
Genghis Mike
0:30 Loom
14:16 Feudal Age
14:41 Fishing Lines
16:09 Double-Bit Axe
16:30 Town Watch
18:57 Bloodlines
26:38 Castle Age
30:59 Imperial Age
29:10 Town Patrol
29:25 Forging
29:16 Padded Archer Armor
29:06 Fletching
30:05 Scale Barding Armor
34:48 Wheelbarrow
37:11 Drill
37:56 Conscription
38:47 Elite Mangudai
39:29 Nomads
Axl Rose
0:45 Loom
10:28 Feudal Age
11:17 Double-Bit Axe
12:43 Scale Barding Armor
13:36 Bloodlines
21:35 Castle Age
23:35 Wheelbarrow
23:52 Chain Barding Armor
23:36 Husbandry
22:56 Light Cavalry
27:43 Horse Collar
31:02 Padded Archer Armor
30:54 Fletching
31:58 Hand Cart
31:31 Town Watch
32:29 Bodkin Arrow
32:49 Leather Archer Armor
33:16 Elite Skirmisher
34:21 Thumb Ring
40:22 Imperial Age
agus_carrizo42
2:40 Loom
10:56 Feudal Age
12:01 Double-Bit Axe
13:24 Town Watch
22:58 Castle Age
21:28 Gold Mining
21:22 Horse Collar
24:49 Bow Saw
25:02 Elite Skirmisher
26:01 Thumb Ring
26:38 Wheelbarrow
26:56 Crossbowman
28:17 Fletching
30:11 Town Patrol
30:26 Hand Cart
33:28 Town Patrol
33:47 Hand Cart
33:33 Town Patrol
33:40 Bodkin Arrow
33:45 Padded Archer Armor
41:01 Imperial Age
41:08 Ballistics
41:17 Leather Archer Armor
41:38 Imperial Skirmisher
Connection lost

Rejoining the realm…

Still unreachable

The connection could not be restored.

Session expired

The server has moved on; the page needs a fresh start.